 Dungeon Sprint DCSS version 0.30-a0-779-g7971cf19c3 (webtiles) character file.

Game seed: 14739961058519867509

147 dialectric the Trooper (level 5, -1/57 HPs)
             Began as a Gargoyle Fighter on Feb 17, 2023.
             Slain by a wyvern (14 damage)
             ... in the Dungeon (Sprint II: "The Violet Keep of Menkaure").
             The game lasted 00:00:19 (24 turns).

dialectric the Trooper (Gargoyle Fighter)             Turns: 24, Time: 00:00:20

Health: -1/57      AC: 11    Str: 21    XL:     5   Next: 29%
Magic:  5/5        EV: 10    Int:  9    God:
Gold:   0          SH:  0    Dex:  9    Spells: 4/4 levels left

rFire   . . .      SeeInvis .    a - +0 flail
rCold   . . .      Faith    .    (no shield)
rNeg    + . .      Spirit   .    b - +0 scale mail
rPois   ∞          Reflect  .    (no helmet)
rElec   +          Harm     .    (no cloak)
rCorr   .          Rampage  .    (no gloves)
Will    .....      NoTele   +    (no boots) Stlth
                                 (no amulet)
HPRegen 0.29/turn                (no ring)
MPRegen 0.09/turn                (no ring)

@: berserking (expiring), very quick
A: sickness immunity, AC +4, negative energy resistance 1, electricity
resistance, torment resistance 1, petrification resistance
a: no special abilities


You were in the Dungeon.
You visited 1 branch

Inventory:

Hand Weapons
 a - a +0 flail (weapon)
Armour
 b - a +0 scale mail (worn)
 c - a +0 buckler
Scrolls
 j - a scroll of blinking
Potions
 d - a potion of might
 e - a potion of curing
 f - a potion of heal wounds
 g - a potion of haste
 h - 2 potions of magic


   Skills:
 + Level 7.4 Fighting
 * Level 5.6 Maces & Flails
 + Level 7.3 Armour
 + Level 1.0 Dodging
 - Level 3.2 Shields


You had 4 spell levels left.
You didn't know any spells.
Your spell library was empty.

Dungeon Overview and Level Annotations

Branches:
Dungeon (1/1)

Altars:


Innate Abilities, Weirdness & Mutations

You are immune to sickness and miasma.
Your stone body is resilient. (AC +4)
You are immune to poison.
You resist negative energy. (rN+)
You are resistant to electric shocks. (rElec)
You are resistant to unholy torment.
You are immune to petrification.


Message History

You barely miss the wyvern.
The wyvern is heavily wounded.
The wyvern completely misses you.
You thump the wyvern!
The wyvern is almost dead.
The wyvern bites you. The wyvern barely misses you.
You hit the wyvern but do no damage.
The wyvern is almost dead.
The wyvern bites you!
Ouch! That really hurt!
* * * LOW HITPOINT WARNING * * *
You hit the wyvern.
You kill the wyvern!
Your Fighting skill gained 4 levels and is now at level 7!
Your Maces & Flails skill gained 3 levels and is now at level 5!
Your Armour skill gained 4 levels and is now at level 7!
Your Dodging skill increases to level 1!
You have reached level 2!
You have reached level 3!
Your experience leads to an increase in your attributes!
Increase (S)trength, (I)ntelligence, or (D)exterity?
You feel stronger. x2
You have reached level 4!
You feel clever.
You have reached level 5!
You barely miss the wyvern. The wyvern barely misses you.
You closely miss the wyvern. The wyvern completely misses you.
You sock the wyvern!
The wyvern is heavily wounded.
The wyvern bites you but does no damage.
You hit the wyvern.
The wyvern is heavily wounded.
The wyvern closely misses you.
You barely miss the wyvern. You punch the wyvern!
The wyvern is severely wounded.
The wyvern barely misses you. x2
You closely miss the wyvern.
The wyvern is severely wounded.
The wyvern bites you!
You die...

## ## .#
#. # .#$
##. #l#
#..B##@##
#+.<.+
#..B##.##
##. #+# #


You could see a wyvern.

Vanquished Creatures
  A wyvern (D)
1 creature vanquished.

Notes
Turn   | Place    | Note
-------+----------+-------------------------------------------
     0 | D        | dialectric the Gargoyle Fighter began the quest for the
                  | Orb.
     0 | D        | Reached XP level 1. HP: 14/14 MP: 1/1
     8 | D        | Noticed a boulder beetle
     8 | D        | Noticed a boulder beetle
    11 | D        | Noticed a wyvern
    11 | D        | Noticed a wyvern
    18 | D        | Killed a wyvern
    19 | D        | Reached skill level 5 in Maces & Flails
    19 | D        | Reached skill level 1 in Dodging
    19 | D        | Reached XP level 2. HP: 7/24 MP: 2/2
    19 | D        | Reached XP level 3. HP: 8/28 MP: 3/3
    19 | D        | Reached XP level 4. HP: 10/34 MP: 4/4
    19 | D        | Reached XP level 5. HP: 11/38 MP: 5/5
    24 | D        | Slain by a wyvern

Illustrated notes

Levels and vault maps discovered:
D:        the_violet_keep_of_menkaure [sprint2_stairs_cluster_1,
          sprint2_shoproom, sprint2_temple, sprint2_basic_supplies,
          sprint2_obstacle_7, sprint2_obstacle_3, sprint2_obstacle_1,
          sprint2_obstacle_4, sprint2_obstacle_5, sprint2_timed_cluster_1,
          sprint2_smallroom_cluster_1, sprint2_smallroom_final_cluster_1,
          sprint2_transparent_cluster_1, sprint2_second_timed_cluster_1,
          sprint2_sniper_area_1, sprint2_heavy_combat_area_1,
          sprint2_mutation_trap_area_1, sprint2_forest_area_1,
          sprint2_light_combat_area_1, sprint2_behind_water_1,
          sprint2_near_end_vault_1]

Skill      XL: |  1 |
---------------+----+-----
Fighting       | 7 |  7.4
Maces & Flails | 5 |  5.6
Armour         | 7 |  7.3
Dodging        | 1 |  1.0
Shields        | |  3.2

Action                     |  1- 3 |  4- 6 || total
---------------------------+-------+-------++-------
  Melee: Flail             |     6 |     6 ||    12
         Punch             |       |     1 ||     1
    Use: Potion            |     1 |       ||     1
 Armour: Scale mail        |     3 |     1 ||     4
  Dodge: Dodged            |     2 |     5 ||     7

Table legend: (Time is in decaauts)
 A = Elapsed time spent in this place.
 B = Non-inter-level travel time spent in this place.
 C = Inter-level travel time spent in this place.
 D = Time resting spent in this place.
 E = Time spent auto-exploring this place.
 F = Levels seen in this place.
 G = Mean time per level.
                   A        B        C        D        E       F      G
               +--------+--------+--------+--------+--------+-----+--------+
         Total |     21 |     21 |      0 |      0 |      0 |   1 |   21.0 |
       Dungeon |     21 |     21 |      0 |      0 |      0 |   1 |   21.0 |
               +--------+--------+--------+--------+--------+-----+--------+

Top non-repeatable levels by time:
       D: 21 daAuts
